 Dungeon Crawl Stone Soup version 0.28-a0-317-g21599a725c (webtiles) character file.

Game seed: 10805212686052469878

317 AarnesTheHuman the Chiller (level 6, -3/46 HPs)
             Began as a Barachi Ice Elementalist on Sept 1, 2021.
             Slain by a phantom (7 damage)
             ... on level 4 of the Dungeon.
             The game lasted 00:08:34 (4840 turns).

AarnesTheHuman the Chiller (BaIE)                   Turns: 4840, Time: 00:08:35

Health: -3/46      AC:  3    Str: 10    XL:     6   Next: 44%
Magic:  12/12      EV: 12    Int: 17    God:
Gold:   145        SH:  0    Dex: 12    Spells: 6/13 levels left

rFire   . . .      SeeInvis .   m - +2 dagger (venom)
rCold   . . .      Faith    .   (no shield)
rNeg    . . .      Spirit   .   a - +0 robe
rPois   .          Reflect  .   (no helmet)
rElec   .          Harm     .   (no cloak)
rCorr   .          Rampage  .   o - +0 pair of gloves
Will    .....                   (no boots)
Stlth   ++........              r - amulet of magic regeneration
HPRegen 0.15/turn               (no ring)
MPRegen 0.38/turn               (no ring)

@: slow
A: amphibious, slowness 1, strong legs 1, +LOS
a: Hop


You were on level 4 of the Dungeon.
You visited 1 branch of the dungeon, and saw 4 of its levels.

You collected 145 gold pieces.

Inventory:

Hand Weapons
 b - a +0 dagger
 g - a +1 dagger of freezing
 m - a +2 dagger of venom (weapon)
Missiles
 q - 24 poisoned darts
Armour
 a - a +0 robe (worn)
 o - a +0 pair of gloves (worn)
Jewellery
 r - an amulet of magic regeneration (around neck)
Wands
 u - a wand of flame (18)
Scrolls
 d - 2 scrolls of identify
 f - 2 scrolls of vulnerability
 k - a scroll of teleportation
 n - a scroll of amnesia {unknown}
Potions
 c - a potion of magic {unknown}
 e - a potion of flight {unknown}
 h - a potion of curing
 i - 2 potions of might {unknown}
 j - a potion of lignification {unknown}
 l - 2 potions of heal wounds {unknown}
 p - a potion of haste {unknown}
 t - a potion of degeneration {unknown}


   Skills:
 * Level 2.8 Fighting
 + Level 1.0 Short Blades
 - Level 2.1 Dodging
 - Level 1.7 Stealth
 + Level 0.1 Unarmed Combat
 + Level 4.4 Spellcasting
 + Level 6.8 Ice Magic


You had 6 spell levels left.
You knew the following spells:

 Your Spells              Type           Power      Damage    Failure   Level
a - Freeze                Ice            100%       1d11      1%          1
b - Frozen Ramparts       Ice            54%        1d7       2%          3
c - Ozocubu's Armour      Ice            27%        N/A       2%          3

Your spell library contained the following spells:

 Spells                   Type           Power      Damage    Failure   Level
 Hailstorm                Conj/Ice       15%        3d5       36%         4


Dungeon Overview and Level Annotations

Branches:
Dungeon (4/15)
 Temple: D:4-7

Altars:
Gozag

Annotations:
D:4 exclusion: ice beast


Innate Abilities, Weirdness & Mutations

You are amphibious.
You cover ground slowly.
You can hop short distances.
You have an extended range of vision and can be seen from far away.


Message History

You closely miss the phantom.
The phantom is almost destroyed.
The phantom hits you.
* * * LOW HITPOINT WARNING * * *
The phantom blinks!
You blink.
You feel better. The phantom closely misses you.
You closely miss the phantom.
The phantom is almost destroyed.
The phantom hits you but does no damage.
You miss the phantom.
The phantom is almost destroyed.
The phantom hits you.
* * * LOW HITPOINT WARNING * * *
You hit the phantom.
The phantom is almost destroyed.
The phantom misses you.
You hit the phantom but do no damage.
The phantom is almost destroyed.
The phantom hits you but does no damage.
You barely miss the phantom.
The phantom is almost destroyed.
The phantom hits you.
* * * LOW HITPOINT WARNING * * *
You barely miss the phantom.
The phantom is almost destroyed.
The phantom hits you.
* * * LOW HITPOINT WARNING * * *
The phantom blinks!
You blink.
You barely miss the phantom.
The phantom is almost destroyed.
The phantom barely misses you.
You miss the phantom.
The phantom is almost destroyed.
The phantom hits you.
* * * LOW HITPOINT WARNING * * *
The phantom blinks!
You blink.
You closely miss the phantom.
The phantom is almost destroyed.
The phantom hits you!
You die...

#####+#####.#.######
#......# #)#'######
#...>.§####)........
#.......§...........
#......§............
#......######'######
#...........#'##
#..............#
#..@......(....#
#..W...........#
#######'#...#'##
#.#.#.#.# #)#.#.#.#
#.#.#.#.# #.#.#.#(#
#.#.#.#[# #.#<#.#.#


You could see a phantom.

Vanquished Creatures
  A necrophage (D:3)
  A hound (D:4)
  Natasha (thrice) (D:3)
  3 adders
  A worm (D:3)
  4 dart slugs
  6 orcs (D:4)
  5 bats
  5 endoplasms
  6 giant cockroaches
  8 hobgoblins
  2 jackals (D:4)
  5 kobolds
  5 quokkas
  8 ball pythons
  3 frilled lizards
  10 goblins
  7 rats
83 creatures vanquished.

Notes
Turn   | Place    | Note
-------+----------+-------------------------------------------
     0 | D:1      | AarnesTheHuman the Barachi Ice Elementalist began the quest
                  | for the Orb.
     0 | D:1      | Reached XP level 1. HP: 13/13 MP: 3/3
    63 | D:1      | Reached skill level 5 in Ice Magic
   102 | D:1      | Reached XP level 2. HP: 19/19 MP: 1/5
   577 | D:1      | Found a faded altar of an unknown god.
   662 | D:1      | Reached skill level 1 in Fighting
   662 | D:1      | Reached XP level 3. HP: 26/26 MP: 6/6
  2218 | D:2      | Reached XP level 4. HP: 32/32 MP: 5/8
  2330 | D:2      | Found an opulent altar of Gozag.
  2526 | D:3      | Learned a level 3 spell: Frozen Ramparts
  2530 | D:3      | Learned a level 3 spell: Ozocubu's Armour
  2692 | D:3      | Reached skill level 6 in Ice Magic
  2751 | D:3      | Noticed Natasha
  2756 | D:3      | Killed Natasha
  2815 | D:3      | Noticed Natasha
  2823 | D:3      | Killed Natasha
  2824 | D:3      | Reached XP level 5. HP: 28/38 MP: 6/10
  3087 | D:3      | Noticed a necrophage
  3118 | D:3      | Killed a necrophage
  3630 | D:3      | Noticed Natasha
  3638 | D:3      | Killed Natasha
  3639 | D:3      | Reached XP level 6. HP: 22/46 MP: 8/12
  4070 | D:4      | Noticed an ice beast
  4391 | D:4      | Reached skill level 1 in Short Blades
  4840 | D:4      | Slain by a phantom

Illustrated notes

Levels and vault maps discovered:
D:1:      co_arrival_random_square_maze, layout_basic,
          shapermc_ecumenical_altar_totnotflames
D:2:      layout_basic, basic_altar, minmay_octomino_e4
D:3:      layout_basic, uniq_natasha
D:4:      minmay_chambers_of_threes, layout_basic, minivault_25

Skill      XL: |  1  2  3  4  5  6 |
---------------+-------------------+-----
Ice Magic      | 5 6 |  6.8
Fighting       | 1 2 |  2.8
Spellcasting   | 3 4 |  4.4
Short Blades   | 1 |  1.0
Dodging        | |  2.1
Stealth        | |  1.7
Unarmed Combat | |  0.1

Action                   |  1- 3 |  4- 6 || total
-------------------------+-------+-------++-------
Melee: Unarmed           |     3 |       ||     3
       Dagger            |    28 |   141 ||   169
 Cast: Freeze            |    56 |    37 ||    93
       Frozen Ramparts   |       |     2 ||     2
 Abil: Hop               |       |     2 ||     2
  Use: Scroll            |       |     6 ||     6
       Potion            |       |     2 ||     2
 Stab: Sleeping          |     3 |     2 ||     5
Armor: Robe              |    18 |    16 ||    34
Dodge: Dodged            |    54 |    98 ||   152

Table legend: (Time is in decaauts)
 A = Elapsed time spent in this place.
 B = Non-inter-level travel time spent in this place.
 C = Inter-level travel time spent in this place.
 D = Time resting spent in this place.
 E = Time spent auto-exploring this place.
 F = Levels seen in this place.
 G = Mean time per level.
                   A        B        C        D        E       F      G
               +--------+--------+--------+--------+--------+-----+--------+
         Total |   5288 |   5144 |    144 |   1104 |   3282 |   4 | 1322.0 |
       Dungeon |   5288 |   5144 |    144 |   1104 |   3282 |   4 | 1322.0 |
               +--------+--------+--------+--------+--------+-----+--------+

Top non-repeatable levels by time:
     D:1: 1843 daAuts
     D:3: 1410 daAuts
     D:4: 1145 daAuts
     D:2: 889 daAuts
